 Dungeon Crawl Stone Soup version 0.29.1-1-gd02db6906a (webtiles) character file.

Game seed: 2204320113621844112

113 GigaChad the Trooper (level 4, -2/38 HPs)
             Began as a Demonspawn Berserker on Sept 19, 2022.
             Was a Believer of Trog.
             Killed by divine providence
             ... invoked by an orc priest
              (14 damage)
             ... on level 3 of the Dungeon.
             The game lasted 00:05:31 (2367 turns).

GigaChad the Trooper (Demonspawn Berserker)         Turns: 2367, Time: 00:05:31

Health: -2/38      AC:  8    Str: 19    XL:     4   Next: 65%
Magic:  4/4        EV:  8    Int: 14    God:    Trog [**....]
Gold:   73         SH:  0    Dex: 15    Spells: 3/3 levels left

rFire   . . .      SeeInvis .   a - +0 falchion
rCold   . . .      Faith    .   (no shield)
rNeg    . . .      Spirit   .   f - +0 chain mail
rPois   .          Reflect  .   (helmet restricted)
rElec   .          Harm     .   (no cloak)
rCorr   .          Rampage  .   (no gloves)
Will    .....                   (no boots)
Stlth   ..........              (no amulet)
HPRegen 0.12/turn               e - +4 ring of slaying
MPRegen 0.09/turn               i - +6 ring of intelligence

@: on berserk cooldown, slowed, very slow
A: antennae 1, thin skeletal structure 1
a: Renounce Religion, Berserk, Trog's Hand


You were on level 3 of the Dungeon.
You worshipped Trog.
Trog was pleased with you.
You visited 1 branch of the dungeon, and saw 3 of its levels.

You collected 73 gold pieces.

Inventory:

Hand Weapons
 a - a +0 falchion (weapon)
Armour
 b - a +0 animal skin
 f - a +0 chain mail (worn)
Jewellery
 e - a +4 ring of slaying (left hand)
 i - a +6 ring of intelligence (right hand)
 n - an amulet of faith
Scrolls
 c - a scroll of butterflies {unknown}
 g - a scroll of teleportation
 h - 2 scrolls of noise {unknown}
 j - 3 scrolls of vulnerability {unknown}
 l - 3 scrolls of identify
 o - a scroll of magic mapping
 p - 2 scrolls of fear {unknown}
 q - a scroll of enchant weapon {unknown}
Potions
 d - a potion of brilliance {unknown}
 k - 2 potions of lignification {unknown}
 m - a potion of berserk rage {unknown}


   Skills:
 + Level 4.8 Fighting
 - Level 3.1 Long Blades
 - Level 2.0 Armour
 - Level 2.2 Dodging


You had 3 spell levels left.
You didn't know any spells.
Your spell library was empty.

Dungeon Overview and Level Annotations

Branches:
Dungeon (3/15)

Altars:
Fedhas
Trog
Yredelemnul

Annotations:
D:3 3 runed translucent doors


Innate Abilities, Weirdness & Mutations

You have a pair of small antennae on your head.
You have a somewhat thin skeletal structure. (Dex +2, Stealth+)


Message History

The orc priest hits you with a +0 dagger.
You hit the orc priest.
The orc priest is lightly wounded.
The orc priest hits you but does no damage.
The orc priest looks braver for a moment.
The orc priest hits you but does no damage.
The orc priest barely misses you.
You slash the orc priest!
The orc priest is almost dead.
The orc priest hits you but does no damage.
The orc priest hits you with a +0 hand axe.
You slash the orc priest!
You kill the orc priest!
Trog accepts your kill.
The orc priest hits you with a +0 dagger. x2
The orc hits you but does no damage.
The orc priest hits you with a +0 dagger.
Things that are here:
a +0 hand axe; an orc corpse You slash the orc!
You kill the orc!
Trog accepts your kill.
The orc priest hits you but does no damage.
The orc priest looks satisfied for a moment.
The orc priest hits you but does no damage.
Things that are here:
a +0 club; an orc corpse The orc priest attacks as you move away!
The orc priest hits you with a +0 dagger.
Found a robe.
You hit the orc priest.
The orc priest is moderately wounded.
The orc priest hits you with a +0 dagger.
The orc priest hits you but does no damage.
You hit the orc priest.
The orc priest is severely wounded.
The orc priest hits you but does no damage.
The orc priest invokes the aid of Beogh against you.
Beogh smites you!
You die...

....#..#.............###########.
........).####...#.####.....# #.
.##.#..#..####...#.# #####.# #.
.................#.# #.# #)
.......#..####...#.########.####.
....#.##..####...................
.##.#.##........)).########.#####
....#.########.#o### ###.# #
.##.#.# #.#@# #####...#####
......# #....[..............
....### #...########........
.#### #.#.# #.####### ... ..#.#
#. #### ##.#.# #. # ### ##


You could see an orc priest.

Vanquished Creatures
  An orc priest (D:3)
  An orc wizard (D:3)
  A dart slug (D:3)
  7 orcs (D:3)
  4 ball pythons
  4 bats (D:1)
  An endoplasm (D:1)
  2 giant cockroaches (D:1)
  6 goblins
  3 hobgoblins
  4 jackals (D:1)
  4 kobolds
  A quokka (D:1)
  3 frilled lizards
  5 rats
47 creatures vanquished.

Notes
Turn   | Place    | Note
-------+----------+-------------------------------------------
     0 | D:1      | GigaChad the Demonspawn Berserker began the quest for the
                  | Orb.
     0 | D:1      | Reached XP level 1. HP: 18/18 MP: 1/1
   107 | D:1      | Gained mutation: You have a pair of small antennae on your
                  | head. [demonic ancestry]
   107 | D:1      | Reached XP level 2. HP: 12/24 MP: 2/2
   927 | D:1      | Gained mutation: You have a somewhat thin skeletal
                  | structure. (Dex +2, Stealth+) [demonic ancestry]
   927 | D:1      | Reached XP level 3. HP: 28/29 MP: 3/3
  1391 | D:3      | Found a faded altar of an unknown god.
  1435 | D:3      | Reached skill level 4 in Fighting
  1439 | D:3      | Reached ** piety under Trog
  1635 | D:3      | Reached XP level 4. HP: 37/37 MP: 4/4
  1946 | D:3      | Found a blossoming altar of Fedhas.
  1946 | D:3      | Found a bloodstained altar of Trog.
  1946 | D:3      | Found a basalt altar of Yredelemnul.
  2167 | D:3      | Found a runed translucent gate.
  2168 | D:3      | Found a runed translucent gate.
  2337 | D:3      | Found a runed translucent gate.
  2367 | D:3      | Killed from afar by an orc priest

Illustrated notes

Levels and vault maps discovered:
D:1:      denvon_arrival_planthouse, layout_basic, nrook_mini_vaults
D:2:      layout_loops_ring, serial_forest, infiniplex_forest_diagonal,
          infiniplex_forest_straight_2, infiniplex_forest_corner_1,
          infiniplex_forest_lined_room_2, infiniplex_forest_lined_ring,
          infiniplex_forest_clump_curved, uniq_sigmund, uniq_crazy_yiuf_cottage
D:3:      layout_basic, gammafunk_temple_overflow_claw,
          gammafunk_ghost_cemetery, shapermc_ecumenical_altar_notcrosses

Skill      XL: |  1  2  3 |
---------------+----------+-----
Dodging        | 2 |  2.2
Long Blades    | 3 |  3.1
Armour         | 2 |  2.0
Fighting       | 4 |  4.8

Action                   |  1- 3 |  4- 6 || total
-------------------------+-------+-------++-------
Melee: Falchion          |    93 |    24 ||   117
       Punch             |     1 |       ||     1
Invok: Berserk           |     1 |     1 ||     2
  Use: Scroll            |     2 |       ||     2
Armor: Animal skin       |     6 |       ||     6
       Chain mail        |    68 |    24 ||    92
Dodge: Dodged            |    64 |    11 ||    75
